Map: [ESL] Berlingrad

Players

Creator - Winner!

  • Race: Protoss Protoss

DRG

  • Race: Zerg Zerg

Event: IEM Katowice 2022

VOD

Have the link to the VOD?

Description

Time

  • Played on: Feb. 23, 2022, 8:40 a.m.
  • Length: 7:05

All games in this series

Show
View Real Time Build Order
Export as new Build Order

Creator Protoss - Winner!

Build Orders: 1 Gate Expand 

Get SALT Encoding   

  12  0:00  Probe  
  13  0:13  Pylon  
  13  0:17  Probe (Chrono Boost)  
  14  0:26  Probe (Chrono Boost)  
  15  0:31  Probe (Chrono Boost)  
  16  0:41  Gateway  
  16  0:43  Probe  
  16  0:47  Assimilator  
  17  0:55  Probe  
  18  1:07  Probe  
  19  1:20  Probe  
  20  1:26  Nexus  
  20  1:36  Cybernetics Core  
  20  1:38  Probe  
  21  1:42  Assimilator  
  21  1:50  Probe  
  21  1:53  Pylon  
  22  2:02  Probe  
  23  2:12  Adept  
  23  2:14  Probe (Chrono Boost)  
  26  2:21  Stargate  
  26  2:23  Probe (Chrono Boost)  
  26  2:27  Warp Gate  
  26  2:29  Probe (Chrono Boost)  
  28  2:39  Probe (Chrono Boost)  
  28  2:42  Adept  
  32  2:44  Probe (Chrono Boost)  
  33  2:51  Probe (Chrono Boost)  
  33  2:55  Void Ray (Chrono Boost)  
  33  2:56  Probe (Chrono Boost)  
  33  2:57  Probe (Chrono Boost)  
  35  3:05  Probe x2  
  41  3:12  Pylon  
  41  3:15  Gateway  
  42  3:21  Twilight Council  
  42  3:22  Probe  
  42  3:25  Probe  
  43  3:34  Probe  
  43  3:36  Gateway  
  43  3:39  Gateway  
  43  3:41  Probe  
  45  3:46  Probe  
  46  3:52  Resonating Glaives (Chrono Boost)  
  46  3:58  Nexus  
  46  4:01  Probe  
  47  4:05  Pylon  
  47  4:09  Assimilator  
  47  4:15  Probe  
  48  4:18  Adept  
  48  4:22  Adept  
  52  4:25  Probe  
  52  4:27  Pylon, Probe  
  54  4:40  Adept x3  
  54  4:42  Adept  
  54  4:44  Pylon  
  54  4:45  Probe x2  
  64  4:59  Pylon  
  64  5:03  Adept x4  
  72  5:07  Probe  
  72  5:08  Probe  
  72  5:09  Void Ray  
  74  5:15  Probe  
  74  5:20  Shield Battery  
  79  5:24  Adept x4  
  87  5:36  Probe x3  
  87  5:38  Stargate  
  87  5:39  Assimilator  
  87  5:42  Forge  
  82  5:51  Probe x3  
  81  5:58  Adept x4  
  81  6:01  Void Ray (Chrono Boost)  
  81  6:03  Probe x3  
  88  6:13  Shield Battery, Void Ray (Chrono Boost)  
  88  6:15  Pylon  
  88  6:18  Photon Cannon  
  84  6:19  Probe  
  84  6:20  Probe x2  
  84  6:24  Shield Battery  
  91  6:28  Pylon  
  91  6:32  Probe x3  
  94  6:35  Sentry, Zealot  
  98  6:43  Photon Cannon  
  98  6:44  Shield Battery  
  98  6:47  Photon Cannon  
  98  6:49  Adept  
  98  6:51  Adept  
  102  6:56  Zealot  
  102  6:59  Zealot  
  102  7:00  Shield Battery  
Show
View Real Time Build Order
Export as new Build Order

DRG Zerg 

Build Orders: Hatch First 

Get SALT Encoding   

  12  0:00  Drone  
  13  0:11  Overlord  
  13  0:17  Drone  
  14  0:30  Drone x2  
  14  0:33  Drone  
  17  0:51  Hatchery  
  17  0:53  Drone  
  17  0:57  Drone  
  18  1:09  Extractor  
  17  1:12  Spawning Pool  
  17  1:15  Drone  
  17  1:18  Drone  
  18  1:27  Drone  
  19  1:38  Drone  
  20  1:47  Hatchery  
  20  1:49  Drone  
  20  1:59  Drone  
  21  2:02  Zergling x2  
  21  2:06  Queen  
  24  2:14  Drone  
  25  2:15  Metabolic Boost  
  25  2:22  Overlord  
  25  2:31  Queen  
  25  2:35  Drone  
  28  2:41  Drone x3  
  31  2:44  Drone  
  31  2:50  Queen  
  33  2:54  Zergling x2  
  33  2:55  Zergling x2  
  35  3:02  Queen  
  37  3:05  Drone  
  37  3:08  Drone  
  37  3:11  Drone x2  
  41  3:15  Overlord  
  41  3:18  Drone  
  42  3:22  Overlord  
  42  3:26  Overlord  
  42  3:33  Queen  
  42  3:34  Drone x2  
  46  3:38  Spore Crawler  
  45  3:41  Drone  
  45  3:42  Drone  
  45  3:43  Drone  
  45  3:45  Drone  
  45  3:46  Drone  
  45  3:48  Drone  
  51  3:52  Spore Crawler  
  51  3:54  Zergling x4  
  52  3:58  Drone x2  
  52  3:59  Drone  
  55  4:04  Drone x2  
  55  4:09  Drone, Overlord  
  58  4:10  Overlord  
  58  4:17  Overlord  
  58  4:21  Overlord  
  58  4:24  Spore Crawler  
  57  4:26  Overlord  
  57  4:27  Drone, Queen  
  57  4:31  Zergling x4  
  62  4:32  Drone  
  62  4:33  Drone x2  
  62  4:35  Drone  
  62  4:37  Drone x2  
  67  4:41  Drone  
  67  4:44  Roach Warren  
  67  4:45  Zergling x4  
  69  4:46  Drone  
  69  4:51  Drone x2  
  69  4:52  Lair  
  72  4:55  Drone x2  
  72  4:57  Extractor  
  72  4:58  Drone, Extractor  
  72  5:00  Extractor  
  72  5:02  Zergling x4  
  72  5:04  Drone x3  
  75  5:09  Zergling x6  
  75  5:12  Zergling x2  
  75  5:13  Zergling x6  
  82  5:17  Queen  
  84  5:24  Evolution Chamber x2  
  83  5:30  Roach  
  83  5:31  Roach x5  
  86  5:39  Roach x4  
  92  5:43  Zergling x2  
  92  5:44  Zergling x2  
  70  5:59  Roach  
  63  6:11  Zergling x2  
  63  6:15  Zergling x2  
  65  6:19  Ravager  
  65  6:21  Zergling x4  
  65  6:24  Zergling x2  
  65  6:25  Zergling x2  
  70  6:27  Zergling x2  
  70  6:30  Zergling x2  
  72  6:33  Zergling x2  
  72  6:34  Ravager  
  72  6:38  Zergling x6  
  77  6:41  Ravager  
  77  6:44  Zergling x2  
  79  6:47  Zergling x4  

Tags
 
Add a new tag
Caveats
  • Supply blocks, unpowered buildings, or Contaminate may cause inaccurate times.
  • Supply counts are checked every 10 seconds.